 Dungeon Crawl Stone Soup version 0.27-a0-1347-gd8886f0a89 (webtiles) character file.

Game seed: 5982791595042759072

1 Brandom the Charlatan (level 1, -1/16 HPs)
             Began as a Palentonga Artificer on June 27, 2021.
             Slain by a gnoll (2 damage)
             ... on level 1 of the Dungeon.
             The game lasted 00:02:34 (120 turns).

Brandom the Charlatan (Palentonga Artificer)         Turns: 120, Time: 00:02:35

Health: -1/16      AC:  4    Str: 15    XL:     1   Next: 16%
Magic:  1/1        EV:  9    Int: 11    God:
Gold:   0          SH:  0    Dex: 10    Spells: 0/0 levels left

rFire    . . .     SeeInvis +   c - +0 whip
rCold    . . .     Faith    .   (no shield)
rNeg     . . .     Spirit   .   b - +0 leather armour
rPois    .         Reflect  .   (no helmet)
rElec    .         Harm     .   (no cloak)
rCorr    .         Rampage  .   (no gloves)
Will     .....                  (no barding)
Stlth    +.........             (no amulet)
HPRegen  0.05/turn              (no ring)
MPRegen  0.07/turn              (no ring)

@: no status effects
A: large, rugged brown scales 3, see invisible, deformed body, roll 1, armoured
tail
a: Rolling Charge


You were on level 1 of the Dungeon.
You visited 1 branch of the dungeon, and saw 1 of its levels.

Inventory:

Hand Weapons
 a - a +0 club
 c - a +0 whip (weapon)
   (You took it off a kobold on level 1 of the Dungeon)
Armour
 b - a +0 leather armour (worn)
Wands
 d - a wand of charming (15) (quivered)
 t - a wand of flame (15)
Miscellaneous
 e - a piece from Xom's chessboard (15/15)


   Skills:
 * Level 1.1 Fighting
 + Level 1.5 Armour
 + Level 0.7 Dodging
 - Level 0.5 Stealth
 - Level 2.6 Evocations


You couldn't memorise any spells.
You didn't know any spells.
Your spell library was empty.

Dungeon Overview and Level Annotations

Branches:
Dungeon (1/15)

Altars:


Innate Abilities, Weirdness & Mutations

You are completely covered in rugged brown scales. (AC +3, +7% HP)
You have supernaturally acute eyesight. (SInv)
Armour fits poorly on your strangely shaped body.
You can roll at nearby foes to attack.
You have a long armoured tail.


Message History

c - a +0 whip (weapon)
You closely miss the gnoll. The gnoll hits you with a +0 whip.
You hit the gnoll. The gnoll hits you with a +0 whip.
There's nothing you can charge at!
There is an open door here.
You see here a +0 short sword.
Okay, then.
There is an open door here.
The gnoll barely misses you.
You see here a +0 short sword.
There is an open door here.
You see here a +0 short sword.
There is an open door here.
You see here a +0 short sword.
There is an open door here.
You see here a +0 short sword.
There is an open door here.
The gnoll barely misses you.
You see here a +0 short sword.
There is an open door here.
You see here a +0 short sword.
There is an open door here.
You see here a +0 short sword.
There is an open door here.
You see here a +0 short sword.
There is an open door here.
You see here a +0 short sword.
There is an open door here.
You see here a +0 short sword.
There is an open door here.
The gnoll hits you but does no damage.
You hit the gnoll. The gnoll hits you with a +0 whip.
The gnoll hits you but does no damage.
There is an open door here.
You see here a +0 short sword.
Roll where?
Aim: a gnoll, wielding a +0 whip You roll forward with a clatter of scales!
You closely miss the gnoll.
You tail-slap the gnoll, but do no damage.
The gnoll barely misses you. The gnoll hits you with a +0 whip.
* * * LOW HITPOINT WARNING * * *
A bat comes into view.
The bat closely misses you.
You hit the bat. The bat closely misses you.
The bat hits you but does no damage. The gnoll hits you with a +0 whip!
* * * LOW HITPOINT WARNING * * *
You closely miss the bat. The bat hits you but does no damage.
The gnoll hits you with a +0 whip.
You die...

#.............#
#......<......#
#.............#
#.............#
##...........##
##.........##
#+.......+#
##..g..##
###@### #.# ...
.##.# .^ .# #.
.# .. .. ## ##


You could see a gnoll.

Vanquished Creatures
  2 kobolds (D:1)
2 creatures vanquished.

Notes
Turn   | Place    | Note
-------+----------+-------------------------------------------
     0 | D:1      | Brandom the Palentonga Artificer began the quest for the
                  | Orb.
     0 | D:1      | Reached XP level 1. HP: 16/16 MP: 1/1
   120 | D:1      | Slain by a gnoll

Illustrated notes

Levels and vault maps discovered:
D:1:      lemuel_arrival_rhombus, layout_loops_ring, st_stairs_10,
          minmay_pentomino_t2

Action                   || total
-------------------------++-------
Melee: Whip              ||     6
       Club              ||     3
       Tailslap          ||     1
 Abil: Rolling Charge    ||     1
Armor: Leather armour    ||     4
Dodge: Dodged            ||     6

Table legend: (Time is in decaauts)
 A = Elapsed time spent in this place.
 B = Non-inter-level travel time spent in this place.
 C = Inter-level travel time spent in this place.
 D = Time resting spent in this place.
 E = Time spent auto-exploring this place.
 F = Levels seen in this place.
 G = Mean time per level.
                   A        B        C        D        E       F      G
               +--------+--------+--------+--------+--------+-----+--------+
         Total |    120 |    120 |      0 |      0 |     12 |   1 |  120.0 |
       Dungeon |    120 |    120 |      0 |      0 |     12 |   1 |  120.0 |
               +--------+--------+--------+--------+--------+-----+--------+

Top non-repeatable levels by time:
     D:1: 120 daAuts
